 Dungeon Crawl Stone Soup version 0.30-b1-2-g02819fbbbe (webtiles) character file.

Game seed: 3169234761609791728

4707 Mesmaeker13 the Gusty (level 10, -1/69 HPs)
             Began as a Demigod Air Elementalist on July 12, 2023.
             Slain by Erica
             ... wielding a +2 scimitar of flaming
              (4 damage)
             ... on level 8 of the Dungeon.
             The game lasted 00:16:08 (9972 turns).

Mesmaeker13 the Gusty (Demigod Air Elementalist)    Turns: 9972, Time: 00:16:08

Health: -1/69      AC: 12    Str: 13    XL:     10   Next: 2%
Magic:  12/23      EV: 12    Int: 25    God:
Gold:   478        SH:  0    Dex: 20    Spells: 16/22 levels left

rFire   . . .        x - +2 whip (flame)
rCold   . . .        (no shield)
rNeg    . . .        L - +0 steam dragon scales
rPois   .            t - +0 helmet
rElec   .            E - +1 cloak
rCorr   .            m - +0 pair of gloves
SInv    .            k - +0 pair of boots
Will    ++...        (no amulet)
Stlth   ++           g - ring of willpower
HPRegen 0.31/turn    n - +6 ring of dexterity
MPRegen 0.18/turn

%: no passive effects
@: about to teleport, slowed, very slow
A: high MP 1, forlorn, divine attributes
a: no special abilities


You were on level 8 of the Dungeon.
You visited 1 branch of the dungeon, and saw 8 of its levels.

You collected 478 gold pieces.

Inventory:

Hand Weapons
 x - a +2 whip of flaming (weapon)
 G - a +1 morningstar
Missiles
 f - 15 poisoned darts (quivered)
Armour
 k - a +0 pair of boots (worn)
 m - a +0 pair of gloves (worn)
 t - a +0 helmet (worn)
 y - a +0 robe of fire resistance
 E - a +1 cloak (worn)
 L - +0 steam dragon scales (worn)
Jewellery
 a - a ring of flight
 g - a ring of willpower (left hand)
 n - a +6 ring of dexterity (right hand)
Wands
 J - a wand of mindburst (13)
Scrolls
 c - 2 scrolls of brand weapon {unknown}
 h - 2 scrolls of immolation
 i - 3 scrolls of teleportation
 l - 2 scrolls of enchant weapon
 o - a scroll of vulnerability {unknown}
 r - a scroll of blinking {unknown}
 s - a scroll of fog {unknown}
 w - 3 scrolls of noise {unknown}
 z - a scroll of magic mapping {unknown}
 A - a scroll of poison {unknown}
 I - a scroll of amnesia {unknown}
 M - a scroll of enchant armour {unknown}
Potions
 b - a potion of magic
 d - a potion of curing
 e - 2 potions of brilliance {unknown}
 j - a potion of invisibility {unknown}
 p - 3 potions of cancellation {unknown}
 q - 2 potions of heal wounds {unknown}
 u - a potion of resistance {unknown}
 v - a potion of might {unknown}
 B - 2 potions of degeneration {unknown}
 C - a potion of ambrosia {unknown}
 D - 3 potions of attraction {unknown}
 F - a potion of haste {unknown}
 H - a potion of experience {unknown}
 K - a potion of berserk rage


   Skills:
 + Level 6.4 Armour
 - Level 1.7 Dodging
 - Level 1.7 Stealth
 + Level 6.6 Spellcasting
 + Level 7.0 Conjurations
 + Level 7.5 Air Magic


You had 16 spell levels left.
You knew the following spells:

 Your Spells              Type           Power      Damage    Failure   Level
a - Shock                 Conj/Air       100%       1d9       1%          1
b - Static Discharge      Conj/Air       88%        2-6/arc   1%          2
c - Swiftness             Air            46%        N/A       1%          3

Your spell library contained the following spells:

 Spells                   Type           Power      Damage    Failure   Level
 Airstrike                Air            23%        2d(4-20)  3%          4
 Sublimation of Blood     Necr           8%         N/A       11%         2
 Irradiate                Conj/Tmut      12%        3d15      41%         5
 Petrify                  Tmut/Erth      8%         N/A       56%         4


Dungeon Overview and Level Annotations

Branches:
Dungeon (8/15)             Temple (0/1) D:7
   Lair: D:8-11

Shops:
D:5 ([*

Annotations:
D:4 2 exclusions, Eustachio
D:8 Erica


Innate Abilities, Weirdness & Mutations

You have an increased reservoir of magic. (+10% MP)
You shall have no god before yourself.
Your divine heritage dramatically boosts your attributes as you level up.


Message History

You are struck by an arc of lightning.
The lightning grounds out.
You feel sick.
The kobold brigand hits you but does no damage.
The kobold brigand hits you with a +1 short sword of speed.
Casting: Static Discharge (safe; 1% risk of failure)
Confirm with . or Enter, or press ? or * to list all spells.
The kobold brigand is struck by an arc of lightning!
The kobold brigand is severely wounded.
You are struck by an arc of lightning.
The lightning grounds out.
You feel sick.
You are no longer poisoned.
The kobold brigand closely misses you.
Casting: Static Discharge (safe; 1% risk of failure)
Confirm with . or Enter, or press ? or * to list all spells.
The kobold is struck by an arc of lightning.
You kill the kobold!
Something is struck by an arc of lightning!
The kobold brigand hits you with a +1 short sword of speed.
The kobold brigand hits you but does no damage.
Something hits you! Something burns you.
Casting: Static Discharge (safe; 1% risk of failure)
Confirm with . or Enter, or press ? or * to list all spells.
Something is struck by an arc of lightning.
You are struck by an arc of lightning.
The kobold brigand is struck by an arc of lightning.
The kobold brigand is almost dead.
The lightning grounds out.
The kobold brigand is struck by an arc of lightning.
You kill the kobold brigand!
You are struck by an arc of lightning.
Something is struck by an arc of lightning.
The lightning grounds out.
Something hits you.
* * * LOW HITPOINT WARNING * * *
Something burns you.
* * * LOW HITPOINT WARNING * * *
As you read the scroll of teleportation, it crumbles to dust.
You feel strangely unstable. Something hits you!
* * * LOW HITPOINT WARNING * * *
Something burns you.
You die...

#. ##### #.###### # ....#
### #...... .. ....# ..
...... ...
....####.#####.... ....
....#........#...# ...#
....#....# #..)#)...#. .
....#....# #.#..@{........
....##.#.###....##......#
.......#.....#.#.###....#
....).....###.###.## ...#.
...........#.#####.#......
..##.......#..##..........
##....#####.#.....#.......
##......<#.##....###......
.#........####..## ....#.


There were no monsters in sight!

Vanquished Creatures
  Pikel (D:5)
  Prince Ribbit (D:5)
  Sigmund (D:4)
  A wyvern (D:8)
  6 yaks
  2 steam dragons
  3 water moccasins
  3 black bears
  2 sky beasts (D:7)
  4 centaurs
  An ogre (D:7)
  2 phantoms
  A kobold brigand (D:8)
  Blork the orc (D:5)
  3 bullfrogs
  4 scorpions
  A wight (D:6)
  A howler monkey (D:6)
  2 jellies
  3 hounds
  4 orc priests
  Crazy Yiuf (D:3)
  5 iguanas
  A sleepcap (D:6)
  An orc wizard (D:7)
  2 gnolls (D:6)
  4 adders
  A shadow imp (D:7)
  5 white imps
  2 ufetubi
  3 worms
  2 dart slugs
  17 orcs
  12 endoplasms
  3 giant cockroaches (D:4)
  9 goblins
  7 hobgoblins
  7 jackals
  3 quokkas
  8 ball pythons
  4 bats (D:1)
  4 frilled lizards
  8 kobolds
  8 rats
164 creatures vanquished.

Notes
Turn   | Place    | Note
-------+----------+-------------------------------------------
     0 | D:1      | Mesmaeker13 the Demigod Air Elementalist began the quest
                  | for the Orb.
     0 | D:1      | Reached XP level 1. HP: 14/14 MP: 5/5
   200 | D:1      | Reached skill level 1 in Conjurations
   369 | D:1      | Reached XP level 2. HP: 20/20 MP: 5/7
  1543 | D:2      | Learned a level 2 spell: Static Discharge
  1645 | D:2      | Reached XP level 3. HP: 26/26 MP: 7/9
  2704 | D:3      | Reached XP level 4. HP: 32/33 MP: 3/10
  2951 | D:3      | Found a runed translucent door.
  2952 | D:3      | Noticed Crazy Yiuf
  3537 | D:4      | Noticed Sigmund
  3793 | D:4      | Reached XP level 5. HP: 30/38 MP: 0/12
  4042 | D:4      | Reached skill level 1 in Armour
  4109 | D:4      | Killed Sigmund
  4110 | D:4      | Reached XP level 6. HP: 45/45 MP: 10/14
  4224 | D:4      | Noticed Eustachio
  4434 | D:4      | Noticed a water moccasin
  4437 | D:4      | Killed a water moccasin
  4616 | D:5      | Entered Level 5 of the Dungeon
  4616 | D:5      | Found Pujism's Antique Weapon Emporium.
  4616 | D:5      | Found Wauv's Armour Emporium.
  4616 | D:5      | Found Bepnocak's Assorted Antiques.
  4669 | D:5      | Noticed a yak
  4669 | D:5      | Noticed a yak
  4669 | D:5      | Noticed a yak
  4669 | D:5      | Noticed a yak
  4669 | D:5      | Noticed a yak
  4669 | D:5      | Noticed a yak
  4677 | D:4      | Killed a yak
  4681 | D:4      | Killed a yak
  4682 | D:4      | Reached XP level 7. HP: 28/50 MP: 14/16
  4815 | D:5      | Learned a level 3 spell: Swiftness
  4817 | D:5      | Noticed Pikel
  4823 | D:5      | Killed Pikel
  4824 | D:5      | Reached skill level 5 in Air Magic
  4824 | D:5      | Reached XP level 8. HP: 57/57 MP: 11/18
  5005 | D:5      | Noticed Prince Ribbit
  5020 | D:5      | Killed Prince Ribbit
  5418 | D:5      | Reached skill level 5 in Conjurations
  5511 | D:5      | Reached skill level 5 in Spellcasting
  5829 | D:5      | Noticed Blork the orc
  5838 | D:5      | Killed Blork the orc
  6381 | D:3      | Killed Crazy Yiuf
  6382 | D:3      | Reached skill level 5 in Armour
  6382 | D:3      | Reached XP level 9. HP: 7/62 MP: 12/21
  8860 | D:7      | Found a staircase to the Ecumenical Temple.
  9924 | D:8      | Reached XP level 10. HP: 60/69 MP: 20/23
  9963 | D:8      | Noticed Erica
  9972 | D:8      | HP: 3/69 [something (14)]
  9972 | D:8      | Slain by Erica

Illustrated notes

Levels and vault maps discovered:
D:1:      dpeg_arrival_concentric_ovals, layout_basic, basic_ecumenical_altar
D:2:      layout_rooms, serial_corexii_hall, corexii_hall_statues_x,
          chequers_hall_statues_corner_a
D:3:      layout_loops_cross, grunt_ministairs_1, uniq_crazy_yiuf_cottage
D:4:      layout_basic, sigmund_army, uniq_sigmund, uniq_eustachio
D:5:      layout_basic, nicolae_shop_distant_corner_stores, uniq_pikel,
          uniq_prince_ribbit1, uniq_blork_the_orc
D:6:      minmay_bubble_buster, layout_basic
D:7:      layout_basic, okawaru_ov_weapons_minmay, minmay_temple_entry_tees
D:8:      hellmonk_destroyed_diamonds, layout_basic,
          chequers_ossuary_entry_cave, uniq_maurice, uniq_erica

Skill      XL: |  1  2  3  4  5  6  7  8  9 |
---------------+----------------------------+-----
Conjurations   | 1 2 3 4 5 7 |  7.0
Spellcasting   | 2 3 4 5 6 |  6.6
Air Magic      | 3 4 5 6 7 |  7.5
Armour         | 1 2 3 5 6 |  6.4
Dodging        | |  1.7
Stealth        | |  1.7

Action                     |  1- 3 |  4- 6 |  7- 9 | 10-12 || total
---------------------------+-------+-------+-------+-------++-------
  Melee: Whip              |       |       |    40 |       ||    40
         Punch             |       |       |     1 |       ||     1
  Throw: Dart              |       |       |    18 |       ||    18
   Cast: Shock             |   114 |    68 |   188 |     3 ||   373
         Static Discharge  |     2 |    10 |    48 |     5 ||    65
         Swiftness         |       |       |     2 |       ||     2
  Evoke: Wand              |       |    11 |    10 |       ||    21
    Use: Scroll            |       |     4 |     1 |     1 ||     6
         Potion            |       |       |     3 |       ||     3
 Armour: Robe              |     4 |     1 |       |       ||     5
         Leather armour    |       |     5 |    56 |       ||    61
         Steam dragon scal |       |       |    11 |     3 ||    14
  Dodge: Dodged            |    13 |    20 |    96 |     3 ||   132
